AoeStats
← carlosmoz822

Arabia

505562682Analyzed
1v1 RM · 23d ago on Sep 10, 2026· 54m 42s· 2 players
Game mode
Random Map
Map size
Tiny (2 player)
Population
200
Speed
Normal
Resources
Standard
Victory
Conquest
Starting age
Dark Age
Ending age
Imperial Age
RankedLock teamsTeams togetherTeam positionsShared explorationLock speedFull tech treeHidden civsTurbo modeCheats
Victory
Defeat
🇨🇴 Bengalis · Colombia
1156
+22
🇲🇽 Celts · Mexico
1180
-17
carlosmoz822
6:19 Loom
12:26 Feudal Age
15:25 Double-Bit Axe
20:59 Castle Age
23:28 Fletching
24:47 Bow Saw
27:45 Padded Archer Armor
27:45 Bodkin Arrow
51:01 Imperial Age
50:43 Wheelbarrow
50:49 Gold Mining
noobsupremo
0:45 Loom
12:33 Feudal Age
13:22 Double-Bit Axe
14:42 Horse Collar
15:48 Scale Barding Armor
23:33 Castle Age
21:47 Forging
22:02 Gold Mining
22:55 Stone Mining
23:36 Fletching
24:12 Light Cavalry
25:45 Bodkin Arrow
40:25 Murder Holes
51:43 Ballistics
Connection lost

Rejoining the realm…

Still unreachable

The connection could not be restored.

Session expired

The server has moved on; the page needs a fresh start.